 Dungeon Crawl Stone Soup version 0.20-a0-266-gdedccd6 (webtiles) character file.

107 PurpleRed the Skirmisher (level 4, -1/37 HPs)
             Began as a Mummy Fighter on Dec 5, 2016.
             Slain by a giant cockroach (2 damage)
             ... on level 2 of the Dungeon.
             The game lasted 00:02:53 (1615 turns).

PurpleRed the Skirmisher (Mummy Fighter)            Turns: 1615, Time: 00:02:53

Health: -1/37      AC:  9    Str: 20    XL:     4   Next: 57%
Magic:  4/4        EV:  5    Int:  7    God:
Gold:   65         SH:  8    Dex: 11    Spells: 3/3 levels left

rFire  x . .     SeeInvis .     a - +0 war axe
rCold  + . .     Gourm    .     e - +0 chain mail
rNeg   + + +     Faith    .     c - +0 shield
rPois  ∞         Spirit   .     (no helmet)
rElec  .         Reflect  .     (no cloak)
rCorr  .         Harm     .     (no gloves)
MR     .....                    f - +0 pair of boots
Stlth  ..........               (no amulet)
                                (no ring)
                                (no ring)

@: no status effects
A: no food or potions, fire vulnerability, cold resistance 1, negative energy
resistance 3, torment resistance, unbreathing
a: no special abilities


You were on level 2 of the Dungeon.
You were not hungry.

You visited 1 branch of the dungeon, and saw 3 of its levels.

You collected 65 gold pieces.

Inventory:

Hand Weapons
 a - a +0 war axe (weapon)
Armour
 c - a +0 shield (worn)
 e - a +0 chain mail (worn)
 f - a +0 pair of boots (worn)
Wands
 j - a wand of teleportation (4/9)
Scrolls
 d - a scroll of identify
 g - a scroll of enchant armour
 i - a scroll of teleportation {unknown}
Books
 b - a book of Misfortune

   Spells                             Type                      Level
   a - Confusing Touch                Hexes                        1
   b - Confuse                        Hexes                        3
   c - Gell's Gravitas                Hexes/Translocation          3
   d - Petrify                        Transmutation/Earth          4
   e - Metabolic Englaciation         Hexes/Ice                    5
   f - Yara's Violent Unravelling     Hexes/Transmutation          5


   Skills:
 + Level 3.7 Fighting
 * Level 3.5 Axes
 - Level 2.4 Armour
 - Level 2.4 Shields


You had 3 spell levels left.
You didn't know any spells.

Dungeon Overview and Level Annotations

Branches:
Dungeon (3/15)

Altars:
Ashenzari
Ru


Innate Abilities, Weirdness & Mutations

You do not eat or drink.
Your flesh is vulnerable to fire.
You are immune to poison.
Your flesh is cold resistant. (rC+)
You are immune to negative energy. (rN+++)
You are immune to unholy pain and torment.
You can survive without breathing.


Message History

The giant cockroach bites you but does no damage.
You closely miss the gnoll.
The gnoll is almost dead.
You hit the giant cockroach but do no damage.
The giant cockroach bites you. The gnoll hits you with a flail.
* * * LOW HITPOINT WARNING * * *
The giant cockroach bites you but does no damage.
Your shield and chain mail prevent you from hitting the gnoll.
The gnoll is almost dead.
Your shield and chain mail prevent you from hitting the giant cockroach.
The gnoll hits you but does no damage.
You block the giant cockroach's attack. x2
Your shield prevents you from hitting the gnoll.
The gnoll is almost dead.
You hit the giant cockroach. The gnoll hits you with a flail!
* * * LOW HITPOINT WARNING * * *
You block the giant cockroach's attack. The gnoll hits you but does no damage.
The giant cockroach bites you but does no damage.
The giant cockroach bites you but does no damage.
The giant cockroach bites you.
You die...

############ #..........#
########.########.#
#......#.#### #.#
#.###..#....#####.###
#.g.@................
######..s...####+##.#.####
#........#...##.....#.#
#.####.......##.....#.#
###............##.....#.####
#...#..#.....#.###....#.....
##...#..#.....#..........!...
#...###.##...##.....#######..
#...#.#..#...#..###.# #..


You could see a gnoll and a giant cockroach.

Vanquished Creatures
  Jessica (D:2)
  An adder (D:2)
  A gnoll (D:3)
  3 worms (D:2)
  2 dart slugs (D:1)
  4 orcs (D:3)
  2 hobgoblins
  5 kobolds
  A quokka (D:2)
  A ball python (D:1)
  4 bats
  8 frilled lizards
  7 goblins
  11 rats
51 creatures vanquished.

Notes
Turn   | Place    | Note
-------+----------+-------------------------------------------
     0 | D:1      | PurpleRed the Mummy Fighter began the quest for the Orb.
     0 | D:1      | Reached XP level 1. HP: 18/18 MP: 1/1
   234 | D:1      | Reached XP level 2. HP: 24/24 MP: 2/2
   712 | D:2      | Reached XP level 3. HP: 27/29 MP: 3/3
  1174 | D:2      | Found a shattered altar of Ashenzari.
  1185 | D:2      | Noticed Jessica
  1189 | D:2      | Killed Jessica
  1189 | D:2      | Reached XP level 4. HP: 36/36 MP: 4/4
  1357 | D:2      | Found a sacrificial altar of Ru.
  1613 | D:2      | HP: 1/37 [gnoll/flail (9)]
  1615 | D:2      | Slain by a giant cockroach

Vault maps used:
D:1:      minmay_arrival_radiant_lines, hangedman_decor_clover_reticule,
          roderic_filled_cross
D:2:      ashenzari_altar_1, nicolae_ru_path_of_blood, first_bread,
          minmay_unequal, uniq_jessica
D:3:      uniq_terence

Skill      XL: |  1  2  3 |
---------------+----------+-----
Axes           | 2 3 |  3.5
Fighting       | |  3.7
Armour         | |  2.4
Shields        | |  2.4

Action                   |  1- 3 |  4- 6 || total
-------------------------+-------+-------++-------
Melee: War axe           |   157 |    31 ||   188
  Use: Scroll            |       |     3 ||     3
Armor: Scale mail        |    10 |       ||    10
       Chain mail        |    71 |    21 ||    92
Dodge: Dodged            |    35 |     8 ||    43
Block: Shield            |    74 |    21 ||    95
